 Dungeon Crawl Stone Soup version 0.27-a0-660-g90476cec82 (webtiles) character file.

Game seed: 10250798480409126615

2684 CypherZel the Placeless Palentonga (level 9, -8/53 (77) HPs)
             Began as a Palentonga Warper on Mar 16, 2021.
             Was an Initiate of Qazlal.
             Mangled by an orc warrior
             ... wielding a +0 war axe
              (16 damage)
             ... on level 6 of the Dungeon.
             The game lasted 00:47:32 (14541 turns).

CypherZel the Placeless Palentonga (PaWr)          Turns: 14541, Time: 00:47:32

HP:   -8/53 (77)    AC: 15    Str: 18    XL:     9   Next: 37%
MP:   11/19         EV:  9    Int: 13    God:    Qazlal [......]
Gold: 345           SH:  0    Dex: 10    Spells: 16/22 levels left

rFire    . . .     SeeInvis +   a - +2 scimitar
rCold    . . .     Faith    +   (no shield)
rNeg     . . .     Spirit   .   g - +0 ring mail
rPois    .         Reflect  .   d - +0 helmet
rElec    .         Harm     .   k - +0 cloak
rCorr    .         Rampage  .   (no gloves)
Will     +....                  (no barding)
Stlth    ..........             n - amulet of faith
HPRegen  0.17/turn              j - ring of wizardry
MPRegen  0.16/turn              s - ring of willpower

@: very heavily drained, curled up
A: large, rugged brown scales 3, see invisible, deformed body, roll 1, armoured
tail, reflexive curl
a: Rolling Charge, Renounce Religion


You were on level 6 of the Dungeon.
You worshipped Qazlal.
Qazlal was noncommittal.
You visited 2 branches of the dungeon, and saw 8 of its levels.

You collected 345 gold pieces.

Inventory:

Hand Weapons
 a - a +2 scimitar (weapon)
 i - a +0 dagger
 m - a +3 mace of protection
 p - a +2 short sword of protection
Missiles
 e - 28 poisoned darts
 t - 3 boomerangs
Armour
 b - a +0 leather armour
 d - a +0 helmet (worn)
 f - a +0 kite shield
 g - a +0 ring mail (worn)
 h - a +0 plate armour
 k - a +0 cloak (worn)
 l - a +0 chain mail
 o - a +0 scale mail
Jewellery
 j - a ring of wizardry (right hand)
 n - an amulet of faith (around neck)
 s - a ring of willpower (left hand)
 u - a ring of see invisible
Wands
 q - a wand of flame (4)
 r - a wand of random effects (9)
Scrolls
 c - 2 scrolls of amnesia
 D - a scroll of blinking
 X - 2 scrolls of magic mapping {@r4}
 Y - 5 scrolls of teleportation {@r3}
 Z - a scroll of identify {@r1}
Potions
 A - a potion of attraction
 B - a potion of brilliance
 L - 2 potions of flight
 N - a potion of heal wounds {@q2}
 Q - 2 potions of magic
 R - 2 potions of resistance
 U - a potion of mutation


   Skills:
 + Level 4.6 Fighting
 - Level 2.0 Short Blades
 - Level 0.6 Throwing
 + Level 3.5 Armour
 + Level 3.8 Dodging
 - Level 7.1 Spellcasting
 - Level 8.1 Translocations


You had 16 spell levels left.
You knew the following spells:

 Your Spells              Type           Power      Damage    Failure   Level
a - Manifold Assault      Tloc           25%        N/A       4%          4
B - Blink                 Tloc           N/A        N/A       1%          2

Your spell library contained the following spells:

 Spells                   Type           Power      Damage    Failure   Level
 Gell's Gravitas          Tloc           12%        N/A       1%          3
 Lesser Beckoning         Tloc           12%        N/A       1%          3
 Teleport Other           Tloc           25%        N/A       1%          3
 Portal Projectile        Hex/Tloc       30%        N/A       6%          3
 Corona                   Hex            4%         N/A       11%         1
 Slow                     Hex            4%         N/A       16%         2
 Inner Flame              Hex/Fire       4%         N/A       30%         3
 Cause Fear               Hex            2%         N/A       67%         4
 Leda's Liquefaction      Hex/Erth       2%         N/A       67%         4


Dungeon Overview and Level Annotations

Branches:
Dungeon (7/15)             Temple (1/1) D:6

Altars:
Ashenzari
Dithmenos
Elyvilon
Fedhas
Hepliaklqana
Makhleb
Nemelex Xobeh
Okawaru
Qazlal
Trog
Zin

Annotations:
D:2 Crazy Yiuf
D:5 exclusion: downstairs
D:6 2 runed translucent doors


Innate Abilities, Weirdness & Mutations

You are completely covered in rugged brown scales. (AC +3, +7% HP)
You have supernaturally acute eyesight. (SInv)
Armour fits poorly on your strangely shaped body.
You can roll at nearby foes to attack.
You have a long armoured tail.
You curl defensively after being hit.


Message History

You throw a poisoned dart. The poisoned dart hits the orc warrior.
The orc warrior is poisoned.
The orc warrior is moderately wounded.
Casting: Blink (safe; 1% risk of failure)
Confirm with . or Enter, or press ? or * to list all spells.
You blink.
Casting: Blink (safe; 1% risk of failure)
Confirm with . or Enter, or press ? or * to list all spells.
You blink.
Casting: Blink (safe; 1% risk of failure)
Confirm with . or Enter, or press ? or * to list all spells.
You blink.
Casting: Blink (safe; 1% risk of failure)
Confirm with . or Enter, or press ? or * to list all spells.
You blink.
Roll where?
Press: ? - help, Q - select action, (/) - cycle Dir - move target, f/p - orc warrior
Aim: an orc warrior, wielding a +0 war axe and wearing a +0 animal skin (heavily wounded, poisoned)
You roll forward with a clatter of scales!
You hit the orc warrior.
The orc warrior is severely wounded.
The orc warrior hits you with a +0 war axe!
You closely miss the orc warrior.
The orc warrior is almost dead.
The orc warrior looks more healthy.
The orc warrior hits you with a +0 war axe.
You hit the orc warrior.
The orc warrior is almost dead.
The orc warrior hits you with a +0 war axe!!
* * * LOW HITPOINT WARNING * * *
You closely miss the orc warrior.
The orc warrior is almost dead.
The orc warrior hits you with a +0 war axe.
* * * LOW HITPOINT WARNING * * *
You barely miss the orc warrior.
The orc warrior is almost dead.
The orc warrior hits you with a +0 war axe!
* * * LOW HITPOINT WARNING * * *
The orc warrior hits you with a +0 war axe!
You die...

#.....................###########
#.######.############.# #.# #.#
#.######### #.# #.# #.#.......#
#.# #.# ######.#.#####.### #.#
#.# #....#.#.####..... #.#
#.#######....#>..[.....### #.#
#.##.....o(.('(#.###..## #.#
##.##.####@...#.#.# #..#### #.#
###......# #....#.#.# #.....# #.#
#.'......# #....#.#.# #.....#
#.###.#......###....#.#.# #.....#
#.##..........#######.#.###.....#
#.##..........# #............
#.##.##.......# #####...######.#.
#.##.##.......###.......# #...
#.##..+.........#.####..# #...


You could see an orc warrior.

Vanquished Creatures
  An orc warrior (D:5)
  2 ice beasts
  3 ogres
  3 sky beasts
  A necrophage (D:4)
  A centaur (D:6)
  2 phantoms
  Blork the orc (D:4)
  A bullfrog (D:6)
  3 scorpions
  7 wights
  2 howler monkeys
  A bullfrog zombie (D:6)
  A gnoll shaman (D:6)
  3 hounds
  An orc priest (D:7)
  A bullfrog skeleton (D:7)
  A centaur skeleton (D:5)
  3 orc wizards
  An iguana (D:4)
  8 worker ants
  A hound skeleton (D:4)
  Robin (D:4)
  10 gnolls
  9 adders
  2 white imps
  3 ufetubi
  3 oozes
  An adder zombie (D:6)
  5 worms
  10 dart slugs
  4 leopard geckos
  17 orcs
  5 bats
  5 giant cockroaches
  19 goblins
  8 hobgoblins
  9 jackals
  3 quokkas
  A ball python (D:4)
  3 frilled lizards
  3 kobolds
  8 rats
177 creatures vanquished.

Vanquished Creatures (others)
  7 fungi (D:6)
  11 plants (D:6)
18 creatures vanquished.

Grand Total: 195 creatures vanquished

Notes
Turn   | Place    | Note
-------+----------+-------------------------------------------
     0 | D:1      | CypherZel the Palentonga Warper began the quest for the
                  | Orb.
     0 | D:1      | Reached XP level 1. HP: 18/18 MP: 3/3
   406 | D:1      | Reached XP level 2. HP: 25/25 MP: 5/5
   904 | D:1      | Reached XP level 3. HP: 31/31 MP: 7/7
   907 | D:1      | Learned a level 2 spell: Blink
  1762 | D:2      | Reached skill level 4 in Translocations
  1857 | D:2      | Reached XP level 4. HP: 38/38 MP: 8/8
  2134 | D:2      | Found a hazy altar of Hepliaklqana.
  2196 | D:2      | Found a runed translucent door.
  2197 | D:2      | Noticed Crazy Yiuf
  2927 | D:3      | Reached XP level 5. HP: 38/43 MP: 10/10
  3938 | D:3      | Reached skill level 5 in Translocations
  4151 | D:4      | Noticed Blork the orc
  5295 | D:4      | Reached XP level 6. HP: 51/51 MP: 12/12
  5765 | D:4      | Reached skill level 5 in Spellcasting
  6322 | D:4      | Killed Blork the orc
  6323 | D:4      | Reached skill level 1 in Armour
  6323 | D:4      | Gained mutation: You curl defensively after being hit.
                  | [Palentonga growth]
  6323 | D:4      | Reached XP level 7. HP: 21/59 MP: 5/14
  6767 | D:4      | Noticed Robin
  6793 | D:4      | Killed Robin
  7176 | D:5      | Entered Level 5 of the Dungeon
  7610 | D:5      | Learned a level 4 spell: Manifold Assault
  7642 | D:5      | Found a shadowy altar of Dithmenos.
  7672 | D:5      | Reached skill level 6 in Translocations
  8256 | D:4      | Reached XP level 8. HP: 54/67 MP: 8/16
  8802 | D:5      | Reached skill level 7 in Translocations
  9810 | D:6      | Found a blossoming altar of Fedhas.
 10453 | D:6      | Reached skill level 8 in Translocations
 10605 | D:6      | Found a staircase to the Ecumenical Temple.
 10619 | Temple   | Entered the Ecumenical Temple
 10633 | Temple   | Became a worshipper of Qazlal Stormbringer
 10709 | D:6      | Found a runed translucent door.
 10725 | D:6      | Found a runed translucent door.
 11343 | D:5      | Reached XP level 9. HP: 16/74 MP: 19/19
 14429 | D:7      | Found a white marble altar of Elyvilon.
 14503 | D:7      | Found a bloodstained altar of Trog.
 14541 | D:6      | Mangled by an orc warrior

Illustrated notes

Levels and vault maps discovered:
D:1:      dpeg_arrival_rooms_c, layout_loops_ring, nrook_loot_triangle
D:2:      layout_rooms, lemuel_doored_altar, uniq_crazy_yiuf_cottage
D:3:      layout_loops_ring
D:4:      layout_basic, minmay_misc_feat_x, uniq_blork_the_orc, uniq_robin
D:5:      kennysheep_slugbush, layout_loops_corners,
          nicolae_dithmenos_shadow_blocks
D:6:      lemuel_insect_pit, layout_basic, minmay_temple_entry_overgrown,
          fedhas_altar_3
D:7:      layout_basic, grunt_temple_overflow_open, kennysheep_mini_moat,
          trog_butcher_becter
Temple:   dshaligram_water_room_temple

Skill      XL: |  1  2  3  4  5  6  7  8  9 |
---------------+----------------------------+-----
Spellcasting   | 3 4 5 7 |  7.1
Translocations | 4 5 6 8 |  8.1
Armour         | 1 2 3 |  3.5
Dodging        | 2 3 |  3.8
Fighting       | 3 4 |  4.6
Short Blades   | |  2.0
Throwing       | |  0.6

Action                   |  1- 3 |  4- 6 |  7- 9 || total
-------------------------+-------+-------+-------++-------
Melee: Short sword       |    79 |       |    50 ||   129
       Tailslap          |     9 |    15 |    39 ||    63
       Mace              |    32 |   204 |   393 ||   629
       Scimitar          |       |       |    24 ||    24
Throw: Boomerang         |       |     5 |       ||     5
       Dart              |       |    20 |    23 ||    43
 Cast: Blink             |       |    13 |    43 ||    56
       Manifold Assault  |       |       |    20 ||    20
 Abil: Rolling Charge    |     7 |    10 |    52 ||    69
Evoke: Wand              |       |       |    12 ||    12
  Use: Scroll            |     6 |     6 |     5 ||    17
       Potion            |       |     3 |     2 ||     5
Armor: Leather armour    |    10 |       |       ||    10
       Ring mail         |    61 |   118 |   245 ||   424
Dodge: Dodged            |    38 |    95 |   274 ||   407
Block: Kite shield       |    13 |       |       ||    13
       Rpst.: Scimitar   |       |       |     4 ||     4

Table legend: (Time is in decaauts)
 A = Elapsed time spent in this place.
 B = Non-inter-level travel time spent in this place.
 C = Inter-level travel time spent in this place.
 D = Time resting spent in this place.
 E = Time spent auto-exploring this place.
 F = Levels seen in this place.
 G = Mean time per level.
                   A        B        C        D        E       F      G
               +--------+--------+--------+--------+--------+-----+--------+
         Total |  14900 |  14229 |    671 |   5873 |   4754 |   8 | 1862.5 |
       Dungeon |  14876 |  14205 |    671 |   5873 |   4747 |   7 | 2125.1 |
        Temple |     23 |     23 |      0 |      0 |      7 |   1 |   23.0 |
               +--------+--------+--------+--------+--------+-----+--------+

Top non-repeatable levels by time:
     D:5: 3240 daAuts
     D:6: 2999 daAuts
     D:4: 2870 daAuts
     D:3: 2431 daAuts
     D:1: 1830 daAuts
     D:2: 956 daAuts
     D:7: 547 daAuts
  Temple: 23 daAuts
